Cogmind - Beta 16.1 @@@ ROGUE MODE // 2026.02.11 @ 14:54:17 Player: Lintence Result: Self-destructed Performance ------------- Evolutions (5) 2500 Regions Visited (6) 1200 Robots Destroyed (42) 210 Value Destroyed (1187) 1187 Prototype IDs (15) 300 Alien Tech Used (0) 0 Bonus (0) 0 TOTAL SCORE: 5397 Bonus ------- None Cogmind --------- Core Integrity 639/1000 Matter 165/300 Energy 81/150 System Corruption 0% Temperature Cool (0) Movement Flying (29) Location -5/Factory Parts ------- > --- POWER (2) -------- Micro Nuclear Core > --- PROPULSION (5) --- VTOL Module Cesium-ion Thruster Cesium-ion Thruster > --- UTILITY (8) ------ Advanced Visual Processing Unit Hacking Suite System Shield > --- WEAPON (2) ------- (None) > --- INVENTORY (5) ---- Micro Nuclear Core Improved Cooling System Advanced Cooling System Trap Scanner Peak State ------------ > --- POWER ------------ Micro Nuclear Core Micro Nuclear Core > --- PROPULSION ------- VTOL Module Cesium-ion Thruster Cesium-ion Thruster Cesium-ion Thruster Cesium-ion Thruster > --- UTILITY ---------- Structural Scanner Trap Scanner Trap Scanner Advanced Visual Processing Unit Propulsion Shielding Hacking Suite System Shield System Shield > --- WEAPON ----------- Greatsword > --- INVENTORY -------- VTOL Module VTOL Module Biomechanical Wings [Rating: 51] Favorites ----------- Power Micro Nuclear Core Engine Light Ion Engine Power Core Micro Nuclear Core Propulsion Cesium-ion Thruster Leg Aluminum Leg Hover Unit Improved Airjet Flight Unit Cesium-ion Thruster Utility Structural Scanner Device Structural Scanner Storage Small Storage Unit Processor Advanced Visual Processing Unit Hackware System Shield Protection Propulsion Shielding Weapon Assault Rifle Energy Gun EM Pulse Gun Energy Cannon Particle Cannon Ballistic Gun Assault Rifle Ballistic Cannon Gauss Cannon Impact Weapon Impact Mace Slashing Weapon Greatsword Build | -11 -10 -9 -8 -7 -6 -5 ------- Run | Yrd Mat Mat Mat Fac Fac Fac Slots Evolved 10 | . . 2 2 2 2 2 Power 1 | . . . . . . 1 Propulsion 3 | . . . 1 1 . 1 Utility 6 | . . 2 1 1 2 . Weapon . | . . . . . . . Parts Attached 83 | 7 6 7 10 44 3 6 Power 8 | 2 . 1 . 4 1 . Engine 4 | 2 . 1 . 1 . . Core 4 | . . . . 3 1 . Reactor . | . . . . . . . Propulsion 32 | 2 3 2 . 18 1 6 Treads . | . . . . . . . Leg 10 | 2 3 2 . 3 . . Wheel . | . . . . . . . Hover 3 | . . . . 3 . . Flight 19 | . . . . 12 1 6 Utility 23 | 1 2 2 3 14 1 . Device 9 | . 1 1 . 7 . . Storage 3 | 1 1 . . 1 . . Processor 4 | . . . 2 2 . . Hackware 4 | . . . 1 2 1 . Protection 3 | . . 1 . 2 . . Artifact . | . . . . . . . Weapon 20 | 2 1 2 7 8 . . Energy Gun 12 | 1 1 1 7 2 . . Energy Cannon 1 | . . . . 1 . . Ballistic Gun 3 | 1 . 1 . 1 . . Ballistic Cannon 1 | . . . . 1 . . Launcher . | . . . . . . . Special Weapon . | . . . . . . . Impact Weapon 1 | . . . . 1 . . Slashing Weapon 2 | . . . . 2 . . Piercing Weapon . | . . . . . . . Special Melee Weapon . | . . . . . . . Unidentified Prototypes 7 | . . . 1 5 1 . Parts Lost 39 | . 1 2 13 9 . 14 Power 2 | . . 1 1 . . . Propulsion 20 | . . . 5 6 . 9 Utility 10 | . . . 3 3 . 4 Weapon 7 | . 1 1 4 . . 1 Highest Loss Streak 14 | . 1 2 8 5 . 14 To Critical Strikes 1 | . . . . . . 1 Average Backups 5 | . 4 9 8 4 4 3 Power 1 | . 1 1 2 1 1 . Propulsion 1 | . 1 3 2 1 3 2 Utility 1 | . . 2 1 . . 1 Weapon 1 | . 1 1 2 1 . . Tool/Special . | . . . . . . . Unused Backups 18 | . . 1 4 10 1 2 Power 5 | . . . 1 3 1 . Propulsion 1 | . . 1 . . . . Utility 5 | . . . . 3 . 2 Weapon 7 | . . . 3 4 . . Tool/Special . | . . . . . . . Average Slot Usage (%) 82 | . 93 88 88 73 88 79 Engine 5 | . 14 10 8 1 . . Core 3 | . . . . 5 6 8 Leg 12 | . 28 22 23 1 . . Hover 1 | . . . . 2 . . Flight 11 | . . . . 21 26 23 Device 14 | . 7 17 10 17 20 14 Storage 6 | . 14 11 8 2 . . Processor 5 | . . . 13 4 6 5 Hackware 3 | . . . 2 3 15 16 Protection 3 | . . 6 5 2 6 4 Energy Gun 7 | . 16 4 14 3 . . Ballistic Gun 4 | . 11 16 . . . . Slashing Weapon 1 | . . . . 3 6 3 Peak Build Rating 51 | 6 7 14 24 41 45 51 Average Rating 23 | 4 6 11 19 30 43 42 On Entrance 16 | . 6 7 14 5 41 45 Avg Prop Armor Cover (%) 7 | . . . . 7 . . Naked Turns . | . . . . . . . Heaviest Build 33 | 14 20 28 33 22 17 23 Greatest Support 60 | 20 20 26 36 60 24 28 Greatest Overweight (x) 2 | . . 1 1 2 . . Average Overweight (x) . | . . . . . . . Largest Inventory Capacity 10 | 8 10 10 10 8 5 5 Average Capacity 7 | 6 8 10 9 5 5 5 Most Carried 10 | 2 9 10 10 8 5 5 Average Carried 5 | . 4 9 8 4 4 3 Final Capacity 10 | 8 10 10 5 5 5 5 Final Carried 10 | 2 9 10 5 5 5 4 Class Distribution -------------------- 45% | Mutant 14% | Sprinter 13% | Scavenger-Mutant 12% | Machinist-Sprinter 11% | Hacker-Sprinter Dominant Class ---------------- Mutant | -10/Materials Mutant | -9/Materials Scavenger-Mutant | -8/Materials Sprinter | -7/Factory Sprinter | -6/Factory Hacker-Sprinter | -5/Factory Resources | -11 -10 -9 -8 -7 -6 -5 ----------- Run | Yrd Mat Mat Mat Fac Fac Fac Matter Collected 1128 | 163 183 183 120 479 . . Remotely . | . . . . . . . Salvage Created 1756 | . 417 273 311 755 . . Parts 103 | . 27 21 12 43 . . Haulers Intercepted 6 | . . . . 6 . . Recyclers Shooed 1 | . 1 . . . . . Parts Field Recycled . | . . . . . . . Retrieved Matter . | . . . . . . . Parts Self-Destructed . | . . . . . . . Prevented . | . . . . . . . Parts Restored . | . . . . . . . Kills | -11 -10 -9 -8 -7 -6 -5 ------- Run | Yrd Mat Mat Mat Fac Fac Fac Combat Hostiles Destroyed 26 | . 7 6 5 8 . . Melee 7 | . . . . 7 . . Guns 15 | . 5 6 3 1 . . AOE 2 | . 2 . . . . . Classes Destroyed 12 | . 3 2 1 6 . . Builder 5 | . 2 . . 3 . . Hauler 6 | . . . . 6 . . Recycler 2 | . 1 . . 1 . . Operator 2 | . . . . 2 . . Watcher 1 | . . . . 1 . . Swarmer 4 | . . . . 4 . . Grunt 14 | . 7 3 3 1 . . Duelist 1 | . . 1 . . . . Sentry 3 | . . 2 1 . . . Specialist 1 | . . . 1 . . . Hunter 1 | . . . . 1 . . Programmer 2 | . . . . 2 . . Best Kill Streak 6 | . 6 3 2 6 . . Combat Bots Only 4 | . 3 3 2 4 . . Max Kills in Single Turn 2 | . 2 1 1 1 . . Gunslinging 1 | . 1 . . . . . Exploded 1 | . 1 . . . . . Melee 1 | . . . . 1 . . Uniques/NPCs Destroyed . | . . . . . . . Combat | -11 -10 -9 -8 -7 -6 -5 -------- Run | Yrd Mat Mat Mat Fac Fac Fac Hostile Shots Fired 403 | . 29 37 63 150 . 124 Missed 179 | . 9 12 19 77 . 62 Hits 224 | . 20 25 44 73 . 62 Projectile 224 | . 20 25 44 73 . 62 Critical Strikes 10 | . . . 5 3 . 2 Actively Blocked 1 | . . . . . . 1 Damage Taken 3534 | . 271 301 1069 941 . 952 Core 1033 | . 50 32 354 236 . 361 Absorbed by Shields . | . . . . . . . Redirected to Shielding 98 | . . . . 48 . 50 Core Remaining (%) 78 | 100 80 92 35 66 100 . Volleys Fired 123 | . 26 19 27 51 . . Largest 2 | . 2 2 2 2 . . Hottest 130 | . 80 60 122 130 . . Shots Fired 196 | . 51 38 54 53 . . Gun 191 | . 51 38 54 48 . . Cannon 5 | . . . . 5 . . Launcher . | . . . . . . . Special . | . . . . . . . Kinetic 50 | . 11 32 3 4 . . Thermal 64 | . . . 15 49 . . Explosive . | . . . . . . . Electromagnetic 82 | . 40 6 36 . . . Robot Hit Streak 11 | . 7 11 8 7 . . Robot Miss Streak 5 | . 5 2 4 2 . . Penetration Max . | . . . . . . . Secondary Targets 4 | . 1 3 . . . . Max Gunslinging Chain 1 | . 1 1 . . . . Shots Hit Robots 144 | . 31 26 32 55 . . Core Hits 63 | . 14 13 11 25 . . Critical Kills . | . . . . . . . Critical Parts Destroyed 1 | . . 1 . . . . Critical Strikes 6 | . . 1 1 4 . . Burn 3 | . . . 1 2 . . Destroy 1 | . . 1 . . . . Sever 2 | . . . . 2 . . Melee Attacks 44 | . . . . 36 1 7 Impact . | . . . . . . . Slashing 44 | . . . . 36 1 7 Piercing . | . . . . . . . Sneak Attacks 6 | . . . . 6 . . Combat Hostiles . | . . . . . . . Follow-up Attacks . | . . . . . . . Damage Inflicted 3471 | . 609 314 649 1899 . . Guns 1977 | . 477 278 614 608 . . Cannons . | . . . . . . . Explosions 168 | . 132 36 . . . . Melee 1291 | . . . . 1291 . . Ramming 35 | . . . 35 . . . Kinetic 367 | . 134 211 22 . . . Thermal 885 | . 132 36 109 608 . . Explosive . | . . . . . . . Electromagnetic 893 | . 343 67 483 . . . Impact . | . . . . . . . Slashing 1291 | . . . . 1291 . . Piercing . | . . . . . . . Highest Corruption 1 | . . . . 1 . . Average Corruption 1 | . . . . 1 . . Corruption Purged 1 | . . . . 1 . . Corruption Blocked . | . . . . . . . Overload Shots . | . . . . . . . Overflow Damage 218 | . . . . 218 . . Projectiles . | . . . . . . . Explosions . | . . . . . . . Melee 218 | . . . . 218 . . Knockbacks . | . . . . . . . Impact . | . . . . . . . Kinetic . | . . . . . . . Secondary . | . . . . . . . Self-Inflicted Damage 42 | . 33 . 9 . . . Shots 1 | . 1 . . . . . Rammed 5 | . . . 5 . . . Targets Rammed 9 | . . 1 8 . . . Kicked 4 | . . 1 3 . . . Crushed . | . . . . . . . Highest Temperature 367 | . 240 12 273 367 . 24 Average Temperature 71 | . 89 6 86 77 . 8 Received Heat Transfer 915 | . 132 135 279 333 . 36 Siege Activations . | . . . . . . . Martial Activations . | . . . . . . . Shielding Activations . | . . . . . . . Robots Disrupted 1 | . . . 1 . . . Combat Hostiles 1 | . . . 1 . . . Robots Corrupted 2 | . . . 2 . . . Combat Hostiles 2 | . . . 2 . . . Parts Fried 4 | . . . 4 . . . Impact Corruptions . | . . . . . . . Robots Melted . | . . . . . . . Combat Hostiles . | . . . . . . . Parts Melted 5 | . . . . 5 . . Heat Transferred 2002 | . 150 50 296 1506 . . Parts Sabotaged . | . . . . . . . Parts Stolen . | . . . . . . . Parts Stripped . | . . . . . . . Power Chain Reactions 3 | . 2 1 . . . . Alert | -11 -10 -9 -8 -7 -6 -5 ------- Run | Yrd Mat Mat Mat Fac Fac Fac Maximum Alert Level 1 | . . . . 1 . . Low Security (%) 90 | 100 100 100 100 78 100 100 Level 1 9 | . . . . 21 . . Level 2 . | . . . . . . . Level 3 . | . . . . . . . Level 4 . | . . . . . . . Level 5 . | . . . . . . . High Security . | . . . . . . . Max Security . | . . . . . . . Peak Influence 284 | . 139 123 59 284 145 176 Initial 130 | . . 50 39 2 130 65 Average 79 | . 61 91 25 105 131 86 Influence Increases 1596 | . 249 183 187 686 25 266 Destroy 0b10 Robot/C 520 | . 140 120 100 160 . . Destroy 0b10 Robot/NC 80 | . 15 . . 65 . . Destroy Leader 164 | . 30 40 30 64 . . Successful Hack 176 | . 22 18 11 83 24 18 Disable Machine 15 | . . . . . . 15 Destroy Structure 41 | . 12 5 1 14 1 8 Partial Spotted 30 | . . . . 30 . . Lose Combat Pursuer 570 | . 30 . 45 270 . 225 Influence Decreases 1475 | . 130 209 275 423 158 280 Entered New Map 334 | . . 69 54 3 138 70 Time Decay 824 | . 120 120 156 338 20 70 Lost Part 317 | . 10 20 65 82 . 140 Squads Dispatched 21 | . 2 1 2 14 . 2 Investigation 11 | . 2 1 . 6 . 2 Extermination 3 | . . . . 3 . . Reinforcement 7 | . . . 2 5 . . Assault . | . . . . . . . Garrison . | . . . . . . . Intercept . | . . . . . . . Searches Triggered . | . . . . . . . Construction Impeded . | . . . . . . . Haulers Reinforced 1 | . . . . 1 . . Active Scanning Responses . | . . . . . . . Cargo Convoy Interrupts . | . . . . . . . Stealth | -11 -10 -9 -8 -7 -6 -5 --------- Run | Yrd Mat Mat Mat Fac Fac Fac Distress Signals 2 | . . . 2 . . . Communications Jammed . | . . . . . . . Distress Signals . | . . . . . . . Times Spotted 101 | . 11 6 16 41 . 27 Peak Tracking Total 14 | . 3 4 5 8 . 14 Tactical Retreats 18 | . 2 . 3 10 . 3 Traps | -11 -10 -9 -8 -7 -6 -5 ------- Run | Yrd Mat Mat Mat Fac Fac Fac Traps Triggered 2 | . 1 . . 1 . . Indirectly . | . . . . . . . Trap Hack Attempts . | . . . . . . . Triggered . | . . . . . . . Disarmed . | . . . . . . . Reprogrammed . | . . . . . . . Reused . | . . . . . . . Traps Extracted . | . . . . . . . Installed . | . . . . . . . Triggered . | . . . . . . . Machines | -11 -10 -9 -8 -7 -6 -5 ---------- Run | Yrd Mat Mat Mat Fac Fac Fac Machines Disabled 1 | . . . . . . 1 Max in Single Turn 1 | . . . . . . 1 Garrison Access 1 | . . . . 1 . . Machines Repaired . | . . . . . . . Machines Dismantled . | . . . . . . . Machines Sabotaged . | . . . . . . . Overloaded Fab Kills . | . . . . . . . Hacking | -11 -10 -9 -8 -7 -6 -5 --------- Run | Yrd Mat Mat Mat Fac Fac Fac Machines Accessed 27 | . 3 2 3 15 1 3 Terminals 15 | . 2 2 2 7 1 1 Fabricators 8 | . . . . 6 . 2 Repair Stations 1 | . . . . 1 . . Recycling Units 1 | . 1 . . . . . Scanalyzers 1 | . . . 1 . . . Garrison Access 1 | . . . . 1 . . Total Hacks 66 | . 9 7 11 30 1 8 Successful 42 | . 7 4 9 16 1 5 Failed 24 | . 2 3 2 14 . 3 Catastrophic 8 | . 1 . 1 6 . . Database Lockouts . | . . . . . . . Manual 20 | . 4 5 5 4 . 2 Terminals 37 | . 8 7 7 12 1 2 Fabricators 21 | . . . . 15 . 6 Repair Stations 1 | . . . . 1 . . Recycling Units 1 | . 1 . . . . . Scanalyzers 4 | . . . 4 . . . Garrison Access 2 | . . . . 2 . . Terminal Hacks 22 | . 6 4 6 4 1 1 Prototype ID Bank 6 | . 3 3 . . . . Fabricator Index 1 | . . . 1 . . . Alert Level 1 | . . . 1 . . . Locate Traps 1 | . . . . 1 . . Hauler Manifests 2 | . 1 . 1 . . . Registered Components 2 | . . 1 1 . . . Zone Layout 9 | . 2 . 2 3 1 1 Fabricator Hacks 15 | . . . . 11 . 4 Load Schematic 8 | . . . . 6 . 2 Build 7 | . . . . 5 . 2 Repair Station Hacks . | . . . . . . . Recycling Unit Hacks 1 | . 1 . . . . . Report Inventory 1 | . 1 . . . . . Scanalyzer 3 | . . . 3 . . . Insert Component 1 | . . . 1 . . . Analyze 1 | . . . 1 . . . Retrieve Study 1 | . . . 1 . . . Garrison Access Hacks 1 | . . . . 1 . . Seal Access 1 | . . . . 1 . . Unauthorized Hacks . | . . . . . . . Terminals . | . . . . . . . Fabricators . | . . . . . . . Repair Stations . | . . . . . . . Recycling Units . | . . . . . . . Scanalyzers . | . . . . . . . Garrison Access . | . . . . . . . Data Cores Recovered . | . . . . . . . Used . | . . . . . . . Hacking Detections 25 | . 3 2 3 13 1 3 Full Trace Events 12 | . 2 1 1 6 . 2 Feedback Events . | . . . . . . . Feedback Blocked . | . . . . . . . Robot Schematics Acquired . | . . . . . . . Robots Built . | . . . . . . . Authchips . | . . . . . . . Time . | . . . . . . . Total Robot Build Rating . | . . . . . . . Part Schematics Acquired 1 | . . . 1 . . . Parts Built 14 | . . . . 10 . 4 Authchips . | . . . . . . . Time 351 | . . . . 242 . 109 Total Part Build Rating 42 | . . . . 30 . 12 Part Studies Acquired 1 | . . . 1 . . . Parts Repaired . | . . . . . . . Time . | . . . . . . . Parts Recycled . | . . . . . . . Recycled Matter . | . . . . . . . Retrieved Matter . | . . . . . . . Retrieved Components . | . . . . . . . Parts Scanalyzed 1 | . . . 1 . . . Part Schematics Acquired 1 | . . . 1 . . . Parts Damaged . | . . . . . . . Bothacking | -11 -10 -9 -8 -7 -6 -5 ------------ Run | Yrd Mat Mat Mat Fac Fac Fac Used RIF Installer . | . . . . . . . Robots Hacked . | . . . . . . . Non-combat . | . . . . . . . Combat . | . . . . . . . Robot Hacks Applied . | . . . . . . . Relay Couplers Released . | . . . . . . . Fabnet Peak Effective % . | . . . . . . . Robots Rewired . | . . . . . . . Allies Hacked . | . . . . . . . Hacks Repelled . | . . . . . . . Allies | -11 -10 -9 -8 -7 -6 -5 -------- Run | Yrd Mat Mat Mat Fac Fac Fac Total Allies . | . . . . . . . Largest Group . | . . . . . . . Highest-Rated Group . | . . . . . . . Highest-Rated Ally . | . . . . . . . Total Orders . | . . . . . . . Ally Attacks . | . . . . . . . Total Damage . | . . . . . . . Kills . | . . . . . . . Allies Corrupted . | . . . . . . . Allies Melted . | . . . . . . . Intel | -11 -10 -9 -8 -7 -6 -5 ------- Run | Yrd Mat Mat Mat Fac Fac Fac Active Infowar (turns) 1918 | . 186 255 358 919 52 148 Optics 726 | . . . . 526 52 148 Sensors 544 | . . 142 338 64 . . Structural 1386 | . 186 255 94 673 52 126 Traps 708 | . . . . 537 52 119 T.N.C. 457 | . . . 357 100 . . Robot Analysis Total . | . . . . . . . Derelict Logs Recovered . | . . . . . . . Drone Launches . | . . . . . . . Drone Recoveries . | . . . . . . . Exploration | -11 -10 -9 -8 -7 -6 -5 ------------- Run | Yrd Mat Mat Mat Fac Fac Fac Turns Passed 2134 | 46 338 255 373 922 52 148 Spaces Moved 2578 | 32 200 136 232 1503 113 362 Core 54 | 5 . . 49 . . . Treads . | . . . . . . . Legs 568 | 27 200 136 183 22 . . Wheels . | . . . . . . . Hover 68 | . . . . 68 . . Flight 1888 | . . . . 1413 113 362 Fastest Speed 23 | 50 120 120 50 26 26 23 Average Speed 49 | 109 120 121 107 31 26 25 Slowest Speed 200 | 120 120 190 190 200 26 35 Overloaded Moves . | . . . . . . . Propulsion Burnouts . | . . . . . . . Robots Hopped 23 | . . . . 11 . 12 Potential Cave-ins . | . . . . . . . Cave-ins Triggered . | . . . . . . . Exploration Rate (%) 22 | 3 41 14 30 52 5 10 Regions Visited 6 Branch Regions . Pre-discovered Areas . | . . . . . . . Known Exits Taken . | . . . . . . . Unknown Exits Taken 6 | 1 1 1 1 1 1 . Scrap Searched . | . . . . . . . Spaces Dug 18 | . . . . 13 1 4 Terrain Destroyed 37 | . 14 5 . 13 1 4 Melee 16 | . . . . 11 1 4 Projectile 2 | . . . . 2 . . AOE 19 | . 14 5 . . . . Terrain Rammed . | . . . . . . . Walls Destroyed . | . . . . . . . Machines Disabled . | . . . . . . . Actions | -11 -10 -9 -8 -7 -6 -5 --------- Run | Yrd Mat Mat Mat Fac Fac Fac Total 3124 | 39 245 189 302 1826 131 392 Wait 167 | . 7 18 3 108 11 20 Move 2527 | 31 199 135 231 1481 112 338 Hop 22 | . . . . 10 . 12 Pick Up 38 | 1 4 3 6 22 . 2 Fast Attach 55 | 6 2 2 5 34 2 4 Attach 26 | . 1 2 7 9 1 6 Detach 15 | . 1 . 2 8 1 3 Swap 28 | 1 4 6 3 12 2 . Drop 55 | . 1 3 10 40 1 . Fire 123 | . 26 19 27 51 . . Melee 44 | . . . . 36 1 7 Ram 5 | . . . 5 . . . Kick 4 | . . 1 3 . . . Crush . | . . . . . . . Escape Stasis 15 | . . . . 15 . . Rewire . | . . . . . . . Trap . | . . . . . . . Miscellaneous . | . . . . . . . Route ------- -11/Scrapyard -10/Materials -9/Materials -8/Materials -7/Factory (discovered 2 exits: *Fac / [*Low]) -6/Factory -5/Factory History --------- Turn | Location | Event 7 | -11/Scrapyard | Discovered new exit (range 14) 47 | -11/Scrapyard | Entered Materials 312 | -10/Materials | Build established: Mutant 367 | -10/Materials | Discovered new exit (range 16) 385 | -10/Materials | Entered another Materials area 385 | -9/Materials | Evolved 2 slots: Utility x2 618 | -9/Materials | Discovered new exit (range 16) 640 | -9/Materials | Entered another Materials area 640 | -8/Materials | Evolved 2 slots: Propulsion x1, Utility x1 974 | -8/Materials | Lost 4 parts (1n1u2w) 986 | -8/Materials | Core integrity fell below 50% 1002 | -8/Materials | Discovered new exit (range 3) 1013 | -8/Materials | Lost 8 parts (1p4n1u2w) 1013 | -8/Materials | Entered Factory 1013 | -7/Factory | Evolved 2 slots: Propulsion x1, Utility x1 1028 | -7/Factory | Discovered new exit (range 14) 1188 | -7/Factory | Fabricated Cesium-ion Thruster? 1363 | -7/Factory | Fabricated Cesium-ion Thruster (x2) 1558 | -7/Factory | Fabricated Cesium-ion Thruster (x2) 1581 | -7/Factory | Fabricated Cesium-ion Thruster (x2) 1613 | -7/Factory | Lost 5 parts (3n2u) 1812 | -7/Factory | Fabricated Cesium-ion Thruster (x2) 1934 | -7/Factory | Discovered new exit (range 5) 1935 | -7/Factory | Entered another Factory area 1935 | -6/Factory | Evolved 2 slots: Utility x2 1979 | -6/Factory | Discovered new exit (range 15) 1987 | -6/Factory | Entered another Factory area 1987 | -5/Factory | Evolved 2 slots: Power x1, Propulsion x1 2109 | -5/Factory | Fabricated Cesium-ion Thruster (x2) 2116 | -5/Factory | Fabricated Cesium-ion Thruster? 2135 | -5/Factory | Self-destructed Last Messages --------------- 02103_ Biomechanical Wings destroyed. 02104_ K-01 Serf cleans the Fabricator. 02104_ VTOL Module destroyed. 02106_ Trap Scanner destroyed. 02107_ K-01 Serf cleans the Fabricator. 02109_ Fabricator completes Cesium-ion Thruster. 02111_ K-01 Serf cleans the Fabricator. 02112_ Acquired Cesium-ion Thruster+. 02113_ Structural Scanner destroyed. 02114_ K-01 Serf cleans the Fabricator. 02115_ VTOL Module destroyed. 02116_ >> FABRICATOR: Completed Cesium-ion Thruster? 02128_ Acquired Cesium-ion Thruster+. 02129_ System Shield destroyed. 02130_ Acquired Cesium-ion Thruster+. 02132_ S-27 Virus destroyed. 02133_ Acquired VTOL Module. 02135_ Cesium-ion Thruster+ destroyed. Map ----- +----------------------------------------------------+ | ????????????## # ## * ## | | ????????????## ###+#############+### | | ????????????## | | ????????????## | | ????????????## | | ????????????## | | ????????????## | | ????????????## #################+### | | ????????????## ########### ####### | | ????????????### ###########??? ####### | | ????????????### ############ ##????? | | ?????????????## ### ? ##?#### | | ?????????????## ### """"""" ####### | | ?????????????## ### ""?"""" ##### | | ?????????????## """"" """"" + "??"""" + | | ?????????????## """"" """"" ### ?"""""" ##### | | ?????????????## """ """ ####?############ | | ?????????????## g ##############?## | | ?????????????## """"" """""Ah################# | | ?????????????## """"" """"" ####T ########### | | ??????????##### """ """ | | ??????????##### h##################+ | | ??????????##""" """"" """"" ############### | | ??????????##"Y """"" """"" ##??????????### | | ??????????##""" """ """ ss ##???????????## | | ??????????##### ss@s ##???????????## "" | | ??????????##### s s ##???????????## "" | | ?????????????##### ####"F""######???????????## "" | | ?????????????##### ####""""######???????????## | | ????????????????## ##########???????????????## | | ???????########### ##########???????????????###### | | ???????###########+####?????????????????????###### | | ???????## ##?????????????????????????## | | ???????## """"" ##?????????????????????????## | | ???????## "" "" ##?????????????????????????## | | ???????## """ ##?????????????????????????## | | ???????## """ ##?????????????????????????## | | ???????## """ ##?????????????????????????## | | ???????## ##?????????????????????????## | | ???????## """ """ ##?????????????????????????## | | ???????## """ """ ##?????????????????????????## | | ???????## """ """ ##?????????????????????????## | | ???????## ##?????????????????????????## | | ######### #####??????????????????????# | | ###############+############????????????????????## | | " ##????????????????????# | | # ##?????????????????????? | | # ##?????????????????????? | | # ##?????????????????????? | | # ##?????????????????????? | +----------------------------------------------------+ Best States ------------- Heat Dissipation 40 Coolant Potential 65 Energy Generation 25 Energy Capacity 300 Matter Stores 300 Matter Capacity 300 Sight Range 20 Robot Scan Range 15 Terrain Scan Density 10 Armor Coverage 225 Propulsion Shielding 33 Evasion (%) 72 Targeting Accuracy 6 Offensive Hacking 10 Defensive Hacking 20 Authchip Count 1 Item Schematics ----------------- Cesium-ion Thruster | -8/Materials | Scanalyzed Robot Schematics ------------------ None Fabricated ------------ Cesium-ion Thruster | x2 | -7/Factory Cesium-ion Thruster | x2 | -7/Factory Cesium-ion Thruster | x2 | -7/Factory Cesium-ion Thruster | x2 | -7/Factory Cesium-ion Thruster | x2 | -7/Factory Cesium-ion Thruster | x2 | -5/Factory Cesium-ion Thruster | x2 | -5/Factory Repaired ---------- Nothing Studied --------- Cesium-ion Thruster | -8/Materials | Hacked Alien Tech Used ----------------- None Achievements -------------- Production Line Challenges ------------ None Game ------ Seed EnergyZioniteForcewell Manual? 0 Play Time 01:04:49 Cumulative 54.8 hours Start 2026.02.11 @ 13:51:14 End 2026.02.11 @ 14:54:17 Sessions 1 Manual Loads 0 Difficulty Rogue Special Mode None Game No. 105 Rogue 105 Adventurer 0 Explorer 0 Win Type - Total 1 Types 1/0/0/0/0/0/0/0/0/0 Lore% 16 Gallery% 30 Achievement% 20 Wizard Run 0 Options --------- Layout 1 ASCII 0 Keyboard 0 Movement Mouse Keybinds 0 Fullscreen 2 Font 20/X11 Map View 50x35 Zoom Use 0% Tactical HUD 1 Map Filters NONE Filters NONE Steam 1 RUN: d39b9f0a-4ef5-4714-a873-091bb9d45216